 Dungeon Crawl Stone Soup version 0.15.1-4-gac8487e (webtiles) character file.

30744 Johnny the Frost Mage (level 12, -12/101 HPs)
             Began as a Demigod Ice Elementalist on Oct 13, 2014.
             Mangled by an azure jelly (25 damage)
             ... on Level 8 of the Lair of Beasts.
             The game lasted 01:07:25 (23484 turns).

Johnny the Frost Mage (Demigod Ice Elementalist)   Turns: 23484, Time: 01:07:25

HP -12/101       AC 22     Str 13      XL: 12   Next: 93%
MP   9/30        EV 12     Int 26      God:
Gold 1537        SH  0     Dex 17      Spells:  3 memorised, 17 levels left

rFire  + + .     SeeInvis +     y - +1 flail (protect)
rCold  . . .     Clarity  .     P - +2 ring mail {rF+}
rNeg   . . .     rCorr    .     (no shield)
rPois  .         rRot     .     k - +2 helmet {SInv}
rElec  .         Spirit   .     w - +0 cloak
SustAb .         Warding  .     x - +0 pair of gloves
rMut   .         Stasis   .     a - +2 pair of boots {+Jump}
Gourm  .                        (no amulet)
MR     +....                    q - ring of protection from fire
                                G - ring of teleport control

@: somewhat resistant to hostile enchantments, fairly stealthy
A: no striking features
a: Evoke Jump Attack, Evoke Teleport Control


You were on level 8 of the Lair of Beasts.
You were near starving.

You visited 2 branches of the dungeon, and saw 18 of its levels.
You also visited: Sewer.

You collected 1537 gold pieces.

Inventory:

Hand weapons
 y - a +1 flail of protection (weapon)
Armour
 a - a +2 pair of boots of jumping (worn)
 k - a +2 helmet of see invisible (worn)
 w - a +0 cloak (worn)
 x - a +0 pair of gloves (worn)
 P - a +2 ring mail of fire resistance (worn)
Magical devices
 i - a wand of digging (2)
 s - a wand of disintegration (0)
 U - a wand of slowing (10)
 X - a wand of slowing (11)
Comestibles
 c - 6 bread rations
 m - 7 slices of pizza
 E - 11 meat rations
Scrolls
 d - 5 scrolls of recharging
 j - 2 scrolls of fog
 o - a scroll of vulnerability {unknown}
 t - a scroll of blinking
 u - 2 scrolls of amnesia
 C - 3 scrolls of enchant weapon {unknown}
 D - a scroll of enchant armour
 H - a scroll of silence {unknown}
 K - a scroll of holy word {unknown}
 L - 3 scrolls of magic mapping {unknown}
 M - 5 scrolls of remove curse
 Q - 2 scrolls of fear {unknown}
 V - a scroll of noise {unknown}
Jewellery
 n - an uncursed ring of stealth
 q - a ring of protection from fire (right hand)
 G - a ring of teleport control (left hand)
 O - an uncursed ring of see invisible
 S - an uncursed ring of invisibility
Potions
 f - 2 potions of restore abilities
 g - 4 potions of agility
 l - a potion of heal wounds
 p - a potion of lignification
 r - a potion of cure mutation
 v - 2 potions of beneficial mutation {unknown}
 z - a potion of porridge
 A - 6 potions of curing
 B - a potion of haste
 F - a potion of flight
 I - a potion of brilliance
 N - 2 potions of berserk rage {unknown}
 R - a potion of mutation {unknown}
 T - a potion of poison {unknown}
 Z - 2 potions of might
Books
 b - a book of Burglary

   Spells                             Type                      Level
   Swiftness                          Charms/Air                   2
   Passwall                           Transmutation/Earth          3
   Passage of Golubria                Translocation                4
   Lee's Rapid Deconstruction         Earth                        5
   Invisibility                       Hexes                        6
   Darkness                           Hexes                        7
 W - a book of Alchemy

   Spells                             Type                      Level
   Sublimation of Blood               Necromancy                   2
   Alistair's Intoxication            Transmutation/Poison         4
   Condensation Shield                Ice                          4
   Petrify                            Transmutation/Earth          4
   Ignite Poison                      Fire/Transmutation           5
 Y - a book of Hinderance

   Spells                             Type                      Level
   Confusing Touch                    Hexes                        2
   Confuse                            Hexes                        3
   Petrify                            Transmutation/Earth          4
   Leda's Liquefaction                Hexes/Earth                  4
   Metabolic Englaciation             Hexes/Ice                    5
   Summon Mana Viper                  Hexes/Summoning              5
Miscellaneous
 h - a fan of gales (inert)


   Skills:
 * Level 7.8 Fighting
 + Level 5.3 Armour
 + Level 6.1 Dodging
 + Level 6.4 Stealth
 * Level 7.5 Spellcasting
 * Level 6.9 Conjurations
 * Level 7.7 Summonings
 * Level 8.8 Ice Magic
 * Level 7.4 Evocations


You had 17 spell levels left.
You knew the following spells:

 Your Spells              Type           Power        Failure   Level  Hunger
a - Freeze                Ice            ####         1%          1    None
b - Summon Ice Beast      Ice/Summ       ######..     2%          4    ##.....
d - Throw Icicle          Conj/Ice       ######..     3%          4    ##.....


Dungeon Overview and Level Annotations

Branches:
Dungeon (10/15)            Temple (0/1) D:6             Orc (0/4) D:9
   Lair (8/8) D:10         Shoals (0/5) Lair:3       Spider (0/5) Lair:6
  Slime (0/6) Lair:8

Shops:
D:8 (


Message History

You freeze the azure jelly.
The azure jelly resists.
The azure jelly is heavily wounded.
The azure jelly misses you. x2
The azure jelly barely misses you. The azure jelly hits you.
Your ice beast hits the azure jelly but does no damage.
Your ice beast barely misses the azure jelly. x2
Unknown command.
Casting: Freeze
Confirm with . or Enter, or press ? or * to list all spells.
Aiming: Freeze
Press: ? - help, Shift-Dir - straight line, f/p - azure jelly
Aim: an azure jelly (heavily wounded)
You freeze the azure jelly.
The azure jelly completely resists.
The azure jelly is heavily wounded.
The azure jelly hits you. The azure jelly freezes you!!!
* * * LOW HITPOINT WARNING * * *
The azure jelly hits you!
* * * LOW HITPOINT WARNING * * *
The azure jelly freezes you!!
You die...

. #..B..#.....P..................
.##YY...##.........#.#.P.Y.......
Yl.Y....##.........#####.#.......
#Y#k...##..........######....P...
..w...P###.........P.#..P...P....
......## #..............P........
.......# #......YY.......P.......
...P####.#......JY......P........
P.### ..F......@.....##.........
## ...............##........
.........................
.#.....(.......#P........
#...<......########..#PP#
#..........#G.J #....[.
##........P.#.GJ #......
#...........# J. #......
#.........P.###.####.J..#.


You could see an azure jelly, a spiny frog and 3 friendly ice beasts.

Vanquished Creatures
  A great orb of eyes (Lair:8)
  2 death yaks
  A manticore (Lair:3)
  3 black mambas
  4 spiny frogs
  4 komodo dragons
  A fire drake (Lair:4)
  A polar bear (Lair:2)
  2 trolls (D:10)
  A blink frog (Lair:3)
  9 yaks
  A human (D:7)
  3 hippogriffs
  Edmund (D:4)
  5 water moccasins
  3 wolves
  The ghost of Nicoed the Charlatan, an average GrAr of the Shining One (D:3)
  A sky beast (D:8)
  An orc warrior (D:10)
  7 porcupines
  The ghost of Maja the Cudgeler, an average MiBe of Trog (Sewer)
  A centaur (D:5)
  An ogre (D:9)
  3 crocodiles
  Sigmund (D:4)
  7 giant frogs
  A big kobold (D:4)
  3 electric eels
  A yak skeleton (D:7)
  A crimson imp (D:6)
  2 jellies
  3 hounds
  2 orc priests
  5 orc wizards
  A quasit (D:9)
  2 worker ants (D:4)
  3 iguanas
  A worker ant zombie (D:6)
  10 green rats
  14 adders
  A shadow imp (D:7)
  2 gnolls (D:4)
  2 orc skeletons (D:5)
  5 giant mites
  4 worms
  An adder skeleton (D:8)
  4 giant geckos
  An ooze (Lair:8)
  24 orcs
  7 ball pythons
  13 bats
  11 giant cockroaches
  35 hobgoblins
  9 jackals
  7 quokkas
  11 giant newts
  23 goblins
  A goblin skeleton (D:4)
  A hobgoblin zombie (D:9)
  18 kobolds
  14 rats
  A rat skeleton (D:5)
310 creatures vanquished.

Vanquished Creatures (collateral kills)
  2 great orbs of eyes (Lair:8)
  3 hydras
  6 death yaks
  2 oklob plants (Lair:8)
  2 griffons
  12 elephants
  2 black mambas
  2 feature mimics (Lair:6)
  2 torpor snails (Lair:8)
  12 spiny frogs
  4 komodo dragons
  A polar bear (Lair:5)
  2 fire drakes (Lair:5)
  12 blink frogs
  2 boulder beetles (Lair:7)
  A wyvern (Lair:7)
  Eustachio (D:5)
  32 yaks
  4 hippogriffs
  A hill giant zombie (D:10)
  3 hungry ghosts
  18 wolves
  A hill giant skeleton (D:8)
  Menkaure (D:6)
  6 water moccasins
  An ice beast (D:7)
  An orc warrior (D:9)
  2 nagas (Lair:6)
  2 porcupines (Lair:3)
  3 sky beasts
  A boring beetle (Lair:5)
  12 crocodiles
  A centaur (D:9)
  2 ogres
  3 big kobolds
  12 giant frogs
  Blork the orc (D:6)
  A yak skeleton (D:10)
  2 crimson imps
  An orc priest (D:10)
  A goliath beetle (D:9)
  A hound (D:6)
  Crazy Yiuf (D:6)
  4 iguanas
  2 worker ants
  12 sheep
  Ijyb (D:6)
  10 adders
  4 gnolls (D:4)
  56 green rats
  A shadow imp (D:6)
  3 oozes
  9 orcs
  A giant cockroach (D:8)
  6 goblins (D:4)
  4 hobgoblins (D:4)
  2 jackals (D:9)
  5 kobolds
  A hobgoblin skeleton (D:8)
  2 rats
305 creatures vanquished.

Vanquished Creatures (others)
  3 air elementals
  134 ice beasts
  A sheep (Lair:8)
  A bush (Lair:8)
  11 fungi
  9 plants
159 creatures vanquished.

Grand Total: 774 creatures vanquished

Notes
Turn   | Place    | Note
--------------------------------------------------------------
     0 | D:1      | Johnny, the Demigod Ice Elementalist, began the quest for the Orb.
     0 | D:1      | Reached XP level 1. HP: 14/14 MP: 3/3
   537 | D:1      | Reached XP level 2. HP: 19/22 MP: 2/4
   575 | D:1      | Reached skill level 3 in Ice Magic
  1446 | D:2      | Reached XP level 3. HP: 27/27 MP: 8/8
  1659 | D:2      | Reached skill level 1 in Fighting
  2100 | D:3      | Reached XP level 4. HP: 35/35 MP: 10/10
  2106 | D:3      | Learned a level 4 spell: Condensation Shield
  2288 | D:3      | Noticed Nicoed's ghost (average GrAr)
  2296 | D:3      | Killed Nicoed's ghost
  2296 | D:3      | Reached skill level 1 in Armour
  2296 | D:3      | Reached skill level 4 in Ice Magic
  2296 | D:3      | Reached XP level 5. HP: 35/41 MP: 4/12
  2561 | D:3      | Learned a level 4 spell: Summon Ice Beast
  3058 | D:4      | Reached XP level 6. HP: 25/48 MP: 5/16
  3120 | D:4      | Found a glowing drain.
  3128 | Sewer    | Entered a sewer
  3306 | Sewer    | Reached skill level 1 in Summonings
  3311 | Sewer    | Noticed Maja's ghost (average MiBe)
  3321 | Sewer    | Killed Maja's ghost
  3674 | D:4      | Noticed Sigmund
  3683 | D:4      | Killed Sigmund
  3683 | D:4      | Reached XP level 7. HP: 45/56 MP: 12/19
  4675 | D:4      | Noticed Edmund
  4688 | D:4      | Killed Edmund
  4922 | D:5      | Entered Level 5 of the Dungeon
  4930 | D:5      | Noticed Eustachio
  4946 | D:5      | Killed Eustachio
  4946 | D:5      | Reached skill level 5 in Ice Magic
  5036 | D:5      | Reached XP level 8. HP: 43/64 MP: 14/20
  5042 | D:5      | Learned a level 4 spell: Throw Icicle
  5206 | D:5      | Reached skill level 1 in Conjurations
  5614 | D:6      | Noticed Ijyb
  5626 | D:6      | Killed Ijyb
  5706 | D:6      | Noticed Blork the orc
  5714 | D:6      | Killed Blork the orc
  5731 | D:6      | Got an ancient leather armour
  5742 | D:6      | Identified the +0 leather armour "Juethobba" {Str+1 Dex+2 Int+4} (You found it on level 6 of the Dungeon)
  5805 | D:6      | Found a blossoming altar of Fedhas.
  6033 | D:6      | Noticed Crazy Yiuf
  6050 | D:6      | Killed Crazy Yiuf
  6128 | D:6      | Noticed Menkaure
  6142 | D:6      | Killed Menkaure
  6142 | D:6      | Reached skill level 1 in Evocations
  6157 | D:6      | Found a staircase to the Ecumenical Temple.
  7157 | D:7      | Reached XP level 9. HP: 41/72 MP: 21/23
  7855 | D:8      | Identified a scroll of acquirement
  7916 | D:8      | Reached skill level 6 in Ice Magic
  8248 | D:8      | Found Qainahiu's Antique Weapon Shoppe.
  8742 | D:9      | Found an ancient bone altar of Kikubaaqudgha.
  8852 | D:9      | Found a staircase to the Orcish Mines.
  9264 | D:9      | Reached skill level 5 in Spellcasting
  9469 | D:10     | Entered Level 10 of the Dungeon
  9581 | D:10     | Reached skill level 5 in Fighting
 10436 | D:10     | Found a staircase to the Lair.
 10565 | Lair:1   | Entered Level 1 of the Lair of Beasts
 10777 | Lair:1   | Noticed a spiny frog
 10786 | Lair:1   | Killed a spiny frog
 10786 | Lair:1   | Reached XP level 10. HP: 81/81 MP: 13/25
 10826 | Lair:1   | Noticed a spiny frog
 10898 | Lair:1   | Killed a spiny frog
 10998 | Lair:1   | Noticed a komodo dragon
 11007 | Lair:1   | Reached skill level 5 in Summonings
 11016 | Lair:1   | Killed a komodo dragon
 11277 | Lair:1   | Noticed a komodo dragon
 11346 | Lair:1   | Killed a komodo dragon
 11543 | Lair:1   | Noticed a seven-headed hydra
 11791 | Lair:1   | Killed a seven-headed hydra
 12159 | Lair:1   | Reached skill level 7 in Ice Magic
 12299 | Lair:1   | Noticed a spiny frog
 12314 | Lair:1   | Killed a spiny frog
 12314 | Lair:1   | Reached skill level 5 in Stealth
 13185 | Lair:2   | Reached XP level 11. HP: 87/89 MP: 27/27
 13660 | Lair:3   | Found a staircase to the Shoals.
 14325 | Lair:3   | Reached skill level 5 in Conjurations
 14325 | Lair:3   | Reached skill level 5 in Evocations
 16120 | Lair:5   | Reached skill level 5 in Dodging
 17251 | Lair:6   | Reached skill level 8 in Ice Magic
 17337 | Lair:6   | Noticed an eight-headed hydra
 17348 | Lair:6   | Killed an eight-headed hydra
 17637 | Lair:6   | Found a staircase to the Snake Pit.
 17643 | Lair:6   | the staircase to the Snake Pit was a mimic.
 17722 | Lair:6   | Found a hole to the Spider Nest.
 18357 | Lair:6   | Noticed an eight-headed hydra
 18373 | Lair:6   | Killed an eight-headed hydra
 18671 | Lair:7   | Reached XP level 12. HP: 30/100 MP: 1/29
 19125 | Lair:7   | Noticed a death yak
 19125 | Lair:7   | Noticed a death yak
 19221 | Lair:7   | Noticed a death yak
 19221 | Lair:7   | Killed a death yak
 19228 | Lair:7   | Noticed a death yak
 19230 | Lair:7   | Killed a death yak
 19239 | Lair:7   | Killed a death yak
 19248 | Lair:7   | Killed a death yak
 20319 | Lair:7   | Reached skill level 5 in Armour
 20865 | Lair:8   | Entered Level 8 of the Lair of Beasts
 22890 | Lair:8   | Found a staircase to the Slime Pits.
 23046 | Lair:8   | Noticed a great orb of eyes
 23050 | Lair:8   | Noticed a great orb of eyes
 23050 | Lair:8   | Noticed a great orb of eyes
 23050 | Lair:8   | Noticed a great orb of eyes
 23051 | Lair:8   | Noticed a death ooze
 23084 | Lair:8   | Killed a great orb of eyes
 23098 | Lair:8   | Paralysed by a great orb of eyes for 3 turns
 23106 | Lair:8   | Killed a great orb of eyes
 23109 | Lair:8   | Paralysed by a great orb of eyes for 5 turns
 23131 | Lair:8   | Paralysed by a great orb of eyes for 5 turns
 23200 | Lair:8   | Noticed an azure jelly
 23231 | Lair:8   | Noticed a six-headed hydra
 23434 | Lair:8   | Killed a great orb of eyes
 23484 | Lair:8   | Mangled by an azure jelly

Action                   |  1- 3 |  4- 6 |  7- 9 | 10-12 || total
-------------------------+-------+-------+-------+-------++-------
Melee: Unarmed           |    13 |       |       |       ||    13
       Short sword       |    34 |    33 |    10 |       ||    77
       Flail             |       |       |   506 |   434 ||   940
 Cast: Freeze            |    48 |   122 |    88 |    97 ||   355
       Summon Ice Beast  |       |       |    78 |   301 ||   379
       Throw Icicle      |       |       |    23 |    54 ||    77
 Abil: Evoke Jump Attack |       |       |     1 |       ||     1
Evoke: Wand              |       |       |    11 |    30 ||    41
       Fan of gales      |       |       |     1 |     3 ||     4
  Use: Potion            |     1 |       |     2 |     2 ||     5
       Scroll            |       |     8 |    15 |    18 ||    41
 Stab: Sleeping          |     1 |       |     5 |     9 ||    15
       Distracted        |       |       |     2 |    10 ||    12
       Paralysed         |       |       |       |     3 ||     3
  Eat: Chunk             |     4 |     4 |    39 |    45 ||    92
       Fruit             |       |       |     5 |    10 ||    15
       Royal jelly       |       |       |       |     3 ||     3
       Meat ration       |       |       |       |     1 ||     1
       Pizza             |       |       |       |     1 ||     1
       Beef jerky        |       |       |       |     5 ||     5
